 Dungeon Crawl Stone Soup version 0.25.1-8-g42b30a86e7 (webtiles) character file.

Game seed: 15917625403281670833

1541 HAL the Cudgeler (level 9, -14/67 HPs)
             Began as a Human Fighter on Dec 5, 2020.
             Was a Priest of Elyvilon.
             Demolished by a two-headed ogre
             ... wielding a +0 giant spiked club
              (27 damage)
             ... on level 6 of the Dungeon.
             The game lasted 01:00:31 (6135 turns).

HAL the Cudgeler (Human Fighter)                    Turns: 6135, Time: 01:00:32

Health: -14/67     AC:  9    Str: 21    XL:     9   Next: 11%
Magic:  11/11      EV:  8    Int: 16    God:    Elyvilon [***...]
Gold:   248        SH: 10    Dex: 12    Spells: 8/11 levels left

rFire    . . .     SeeInvis .   b - +1 flail (protect)
rCold    . . .     Gourm    .   c - +0 kite shield
rNeg     . . .     Faith    .   q - +0 scale mail
rPois    .         Spirit   .   H - +0 helmet
rElec    .         Reflect  .   (no cloak)
rCorr    .         Harm     .   (no gloves)
MR       .....                  u - +0 pair of boots
Stlth    +.........             (no amulet)
HPRegen  0.21/turn              A - +6 ring of intelligence
MPRegen  0.12/turn              B - ring of wizardry

@: about to teleport, very slightly contaminated
A: talons 1, strong 1
a: Lesser Healing, Heal Other, Purification, Divine Protection, Renounce
Religion


You were on level 6 of the Dungeon.
You worshipped Elyvilon.
Elyvilon was most pleased with you.
You were not hungry.

You visited 1 branch of the dungeon, and saw 6 of its levels.

You collected 248 gold pieces.

Inventory:

Hand Weapons
 a - a +3 whip of venom
 b - a +1 flail of protection (weapon)
 d - a +2 whip of electrocution
 g - a +0 hunting sling
 i - a +0 long sword
 s - a +0 flail
 y - a +0 shortbow
 F - a +0 dagger of speed
Missiles
 e - 225 stones
 j - 47 bolts
 l - 54 arrows
 E - 28 poisoned darts
 M - 3 boomerangs (quivered)
Armour
 c - a +0 kite shield (worn)
 h - a +0 ring mail
 k - a +0 plate armour
 q - a +0 scale mail (worn)
 u - a +0 pair of boots (worn)
 v - a +1 naga barding of stealth
 x - a +0 chain mail
 z - a +0 robe
 H - a +0 helmet (worn)
Jewellery
 A - a +6 ring of intelligence (left hand)
 B - a ring of wizardry (right hand)
Wands
 w - a wand of flame (17)
 D - a wand of iceblast (1)
 G - a wand of random effects (17)
 L - a wand of paralysis (4)
Scrolls
 m - 6 scrolls of identify
 o - 2 scrolls of remove curse
 p - a scroll of magic mapping
 t - 2 scrolls of noise
 C - 4 scrolls of teleportation
 I - 2 scrolls of enchant weapon
Potions
 r - 2 potions of magic
 J - a potion of curing
Comestibles
 f - 6 rations
 K - 6 chunks of flesh


   Skills:
 + Level 4.8 Fighting
 + Level 5.3 Maces & Flails
 - Level 3.7(3.8) Slings
 + Level 1.0(2.5) Throwing
 + Level 5.0 Armour
 + Level 2.0 Dodging
 * Level 3.7 Stealth
 + Level 4.8 Shields
 + Level 1.5 Spellcasting
 + Level 1.4 Summonings


You had 8 spell levels left.
You knew the following spells:

 Your Spells              Type           Power        Failure   Level  Hunger
a - Apportation           Tloc           #.....       61%         1    ##.....
b - Corona                Hex            #......      61%         1    ##.....
c - Summon Small Mammal   Summ           #...         41%         1    ##.....

Your spell library contained the following spells:

 Spells                   Type           Power        Failure   Level  Hunger
 Animate Skeleton         Necr           N/A          61%         1    ##.....


Dungeon Overview and Level Annotations

Branches:
Dungeon (6/15)
 Temple: D:4-7

Altars:
Ashenzari
Elyvilon
Makhleb
Nemelex Xobeh
Qazlal
Sif Muna
Uskayaw
Wu Jian


Innate Abilities, Weirdness & Mutations

You have sharp toenails.
Your muscles are strong. (Str +2)


Message History

Aiming: Throw Flame
Press: ? - help, Shift-Dir - straight line, f/p - two-headed ogre
Aim: a two-headed ogre, wielding a +0 giant spiked club and a +0 giant club (moderately wounded)
The puff of flame hits the two-headed ogre.
The two-headed ogre is moderately wounded.
You sock the two-headed ogre!
Your weapon exudes an aura of protection.
The two-headed ogre is heavily wounded.
The two-headed ogre hits you but does no damage.
The two-headed ogre hits you with a +0 giant club!
You barely miss the two-headed ogre.
The two-headed ogre is heavily wounded.
The two-headed ogre hits you with a +0 giant spiked club!
The two-headed ogre hits you with a +0 giant club!
* * * LOW HITPOINT WARNING * * *
Okay, then.
As you read the scroll of teleportation, it crumbles to dust.
You feel strangely unstable.
The two-headed ogre hits you with a +0 giant spiked club!!
You die...

#.# #.# #O#
#.############
#.##.........#
#.##.#######.#
#.##.# #.#.#
#....# #O#.#
############@#.#
#..........#.#.#
#.########.#.#.#
#.# #.#.#.# #.#
#.....# #.#
#.....# # #.#
#.....# .## #.#
#.#.#.#... #.#
#.#.....


You could see a two-headed ogre.

Vanquished Creatures
  Grinder (D:3)
  Sigmund (D:3)
  2 orc warriors
  A sky beast (D:5)
  An ogre (D:3)
  A bullfrog (D:5)
  2 scorpions
  A howler monkey (D:5)
  A crimson imp (D:6)
  2 centaur zombies (D:5)
  A centaur skeleton (D:4)
  4 orc priests
  A hound (D:4)
  An orc wizard (D:3)
  An iguana (D:5)
  Terence (D:3)
  A worker ant (D:4)
  A hound skeleton (D:4)
  A howler monkey skeleton (D:4)
  A worker ant zombie (D:4)
  6 adders
  3 gnolls (D:4)
  A shadow imp (D:6)
  2 worms
  4 dart slugs
  4 leopard geckos
  13 orcs
  11 bats
  11 giant cockroaches
  8 hobgoblins
  3 jackals (D:3)
  2 quokkas
  3 frilled lizards (D:2)
  12 goblins
  9 kobolds
  9 rats
127 creatures vanquished.

Notes
Turn   | Place    | Note
-------+----------+-------------------------------------------
     0 | D:1      | HAL the Human Fighter began the quest for the Orb.
     0 | D:1      | Reached XP level 1. HP: 18/18 MP: 1/1
   126 | D:1      | Reached XP level 2. HP: 24/24 MP: 2/2
   521 | D:1      | Reached XP level 3. HP: 29/29 MP: 3/3
  1333 | D:2      | Found a faded altar of an unknown god.
  1390 | D:2      | Reached XP level 4. HP: 20/35 MP: 4/4
  1570 | D:2      | Found an ornate altar of the Wu Jian Council.
  1585 | D:2      | Found a shattered altar of Ashenzari.
  1585 | D:2      | Found a white marble altar of Elyvilon.
  1606 | D:2      | Became a worshipper of Elyvilon the Healer
  1880 | D:2      | Learned a level 1 spell: Apportation
  1882 | D:2      | Learned a level 1 spell: Corona
  1884 | D:2      | Learned a level 1 spell: Summon Small Mammal
  2308 | D:2      | Reached * piety under Elyvilon
  2603 | D:3      | Noticed Sigmund
  2622 | D:3      | Killed Sigmund
  2622 | D:3      | Reached skill level 1 in Slings
  2622 | D:3      | Reached skill level 1 in Stealth
  2622 | D:3      | Reached XP level 5. HP: 22/42 MP: 5/5
  2622 | D:3      | Reached XP level 6. HP: 26/48 MP: 6/6
  2836 | D:3      | Noticed Grinder
  2847 | D:3      | Paralysed by Grinder for 3 turns
  2865 | D:3      | Paralysed by Grinder for 5 turns
  2884 | D:3      | Killed Grinder
  2884 | D:3      | Reached XP level 7. HP: 24/54 MP: 6/8
  2915 | D:3      | Gained mutation: You have sharp toenails. [potion of
                  | mutation]
  2915 | D:3      | Gained mutation: Your muscles are strong. (Str +2) [potion
                  | of mutation]
  3388 | D:3      | Found a sparkling altar of Nemelex Xobeh.
  3405 | D:3      | Reached skill level 1 in Dodging
  3452 | D:3      | Noticed Terence
  3465 | D:3      | Killed Terence
  4016 | D:4      | Reached skill level 1 in Spellcasting
  4243 | D:3      | Reached XP level 8. HP: 48/60 MP: 9/9
  4378 | D:4      | Reached skill level 1 in Summonings
  4469 | D:4      | Reached ** piety under Elyvilon
  4486 | D:4      | Found a burning altar of Makhleb.
  4933 | D:5      | Entered Level 5 of the Dungeon
  5113 | D:5      | Reached skill level 1 in Throwing
  5303 | D:5      | Reached skill level 5 in Maces & Flails
  5370 | D:5      | Found a stormy altar of Qazlal.
  5380 | D:5      | Noticed a +0 hand axe
  5381 | D:5      | Found a hide-covered altar of Uskayaw.
  5381 | D:5      | Noticed a +0 dagger
  5519 | D:5      | Found a shimmering blue altar of Sif Muna.
  5627 | D:5      | Reached skill level 5 in Armour
  5916 | D:6      | Reached XP level 9. HP: 47/66 MP: 11/11
  6025 | D:6      | Reached *** piety under Elyvilon
  6093 | D:6      | Noticed a two-headed ogre
  6135 | D:6      | Demolished by a two-headed ogre

Illustrated notes

Levels and vault maps discovered:
D:1:      roderic_octagonal_star, layout_basic
D:2:      layout_loops_corners, grunt_temple_overflow_open,
          chequers_ecumenical_altar_island, first_ration, grunt_ministairs_15
D:3:      layout_basic, nicolae_overflow_crystal_walls, uniq_sigmund,
          uniq_terence, uniq_grinder
D:4:      layout_cave_pools, overflow_temple_1_default
D:5:      layout_basic, lemuel_blue_sif_altar, lemuel_crystal_altar,
          dancing_weapons_uskayaw
D:6:      layout_basic, overflow_temple_1_default

Skill      XL: |  1  2  3  4  5  6  7  8 |
---------------+-------------------------+-----
Maces & Flails | 3 4 5 |  5.3
Slings         | 1 2 3 |  3.7
Stealth        | 1 2 3 |  3.7
Fighting       | 4 |  4.8
Armour         | 4 5 |  5.0
Shields        | 4 |  4.8
Dodging        | 1 2 |  2.0
Spellcasting   | 1 |  1.5
Summonings     | 1 |  1.4
Throwing       | 1 |  1.0

Action                   |  1- 3 |  4- 6 |  7- 9 || total
-------------------------+-------+-------+-------++-------
Melee: Flail             |   131 |     3 |    49 ||   183
       Whip              |       |    91 |   163 ||   254
       Kick              |       |       |    36 ||    36
 Fire: Hunting sling     |     2 |       |       ||     2
Throw: Throwing net      |       |     1 |     2 ||     3
       Stone             |       |       |    24 ||    24
 Cast: Summon Small Mamm |       |     1 |     2 ||     3
Evoke: Wand              |       |       |     6 ||     6
  Use: Scroll            |     4 |     4 |     7 ||    15
       Potion            |     1 |     5 |     1 ||     7
  Eat: Ration            |     1 |       |     2 ||     3
       Chunk             |       |     3 |     4 ||     7
Armor: Scale mail        |    64 |    18 |    55 ||   137
       Skin              |     2 |       |       ||     2
       Chain mail        |       |    10 |       ||    10
Dodge: Dodged            |    37 |    17 |    61 ||   115
Block: Kite shield       |    83 |    21 |    86 ||   190
